 Dungeon Crawl Stone Soup version 0.31.0-9-g3a7656b989 (webtiles) character file.

Game seed: 10013803051236073539

77 Peloso the Covered (level 4, 41/41 HPs)
             Began as a Minotaur Fighter on Feb 5, 2024.
             Got out of the dungeon alive.
             The game lasted 00:02:36 (1394 turns).

Peloso the Covered (Minotaur Fighter)               Turns: 1394, Time: 00:02:36

Health: 41/41      AC:  7    Str: 21      XL:     4   Next: 14%
Magic:  3/3        EV:  9    Int:  2 (3)  God:
Gold:   89         SH:  4    Dex:  8 (11) Spells: 3/3 levels left

rFire   . . .        a - +0 long sword
rCold   . . .        d - +0 buckler
rNeg    . . .        c - +0 scale mail
rPois   .            (helmet restricted)
rElec   .            (no cloak)
rCorr   .            (no gloves)
SInv    .            (no boots)
Will    .....        (no amulet) Stlth
                     (no ring)
HPRegen 0.26/turn    (no ring)
MPRegen 0.08/turn

%: no passive effects
@: no status effects
A: horns 2, retaliatory headbutt, hooves 1, dopey 1, high MP 1
a: no special abilities


You escaped.
You visited 1 branch of the dungeon, and saw 2 of its levels.

You collected 89 gold pieces.

Inventory:

Hand Weapons
 a - a +0 long sword (weapon)
 b - a +2 hand axe of flaming
Armour
 c - a +0 scale mail (worn)
 d - a +0 buckler (worn)
Scrolls
 f - 2 scrolls of amnesia {unknown}
Potions
 e - a potion of might


   Skills:
 + Level 4.3 Fighting
 + Level 3.6 Long Blades
 + Level 4.3 Armour
 + Level 1.3 Dodging
 + Level 3.7 Shields


You had 3 spell levels left.
You didn't know any spells.
Your spell library contained the following spells:

 Spells                   Type           Power      Damage    Failure   Level
 Slow                     Hex            0%         N/A       91%         1
 Confusing Touch          Hex            0%         N/A       99%         3
 Sigil of Binding         Hex            0%         N/A       99%         3
 Vampiric Draining        Necr           0%         2d6       99%         3


Dungeon Overview and Level Annotations

Branches:
Dungeon (2/15)

Altars:


Innate Abilities, Weirdness & Mutations

You have a pair of horns on your head.
You reflexively headbutt those who attack you in melee.
You have large cloven feet.
You are dopey. (Int -2)
You have an increased reservoir of magic. (+10% MP)


Message History

You are more poisoned.
The adder poisons you!
You slash the adder!
You kill the adder!
You feel very sick.
Your Dodging skill increases to level 1!
You feel sick.
You see here an adder corpse.
You feel sick.
You feel sick.
You feel sick.
You feel sick.
You feel sick.
You feel sick.
You are no longer poisoned.
You now have 80 gold pieces (gained 14).
You now have 89 gold pieces (gained 9).
f - 2 scrolls labelled OPIMNI JUEFIYT (gained 1)
A bat comes into view.
A bat is nearby!
A bat is nearby!
A bat is nearby!
A bat is nearby!
The bat hits you.
You barely miss the bat. The bat barely misses you. You furiously retaliate!
You headbutt the bat.
You kill the bat!
You see here a bat corpse.
Found a scroll labelled SODOF EKLEMEKH.
It was a potion of mutation.
You feel extremely strange.
You feel stupid.
Your feet thicken and deform.
You feel more energetic.
What level of the Dungeon? (default 12, ? - help)
You see here a bat corpse.
Things that are here:
a +0 club; a +0 sling
There is a stone staircase leading up here.
You climb upwards.
There is a stone staircase leading down here.
There is a staircase leading out of the dungeon here.
You have escaped!

###############
#..~~P....P..@#
#.≈~PP...P~..[##
#.P~~..P..~.~#≈##
#######
#.P.P~......~#~≈#
#.....#
#.~~...~.PP.P~~.#
#.....# ###
##.P....P.~.~~~##
#.....####.#
#..P......PP..~.#
#.......##.#
#.....~..~...P~.#
#.)...#....#
##P..~~~.....~~##
#.....##..##


There were no monsters in sight!

Vanquished Creatures
  2 adders (D:2)
  2 dart slugs (D:1)
  A ribbon worm (D:2)
  4 ball pythons
  7 endoplasms
  4 giant cockroaches
  4 goblins
  8 hobgoblins (D:1)
  6 kobolds (D:1)
  A quokka (D:1)
  3 bats
  3 frilled lizards (D:1)
  2 rats (D:1)
47 creatures vanquished.

Notes
Turn   | Place    | Note
-------+----------+-------------------------------------------
     0 | D:1      | Peloso the Minotaur Fighter began the quest for the Orb.
     0 | D:1      | Reached XP level 1. HP: 19/19 MP: 0/0
   184 | D:1      | Reached XP level 2. HP: 27/27 MP: 1/1
   343 | D:1      | Reached XP level 3. HP: 27/33 MP: 2/2
  1108 | D:2      | Reached XP level 4. HP: 41/41 MP: 3/3
  1112 | D:2      | Reached skill level 1 in Dodging
  1275 | D:2      | Gained mutation: You are dopey. (Int -2) [potion of
                  | mutation]
  1275 | D:2      | Gained mutation: You have large cloven feet. [potion of
                  | mutation]
  1275 | D:2      | Gained mutation: You have an increased reservoir of magic.
                  | (+10% MP) [potion of mutation]
  1394 | D:$      | Got out of the dungeon alive.

Illustrated notes

Levels and vault maps discovered:
D:1:      lemuel_arrival_muddy, layout_rooms, serial_forest,
          infiniplex_forest_clump_diagonal, infiniplex_forest_corner_1,
          infiniplex_forest_zigzag_1, infiniplex_forest_clump_cross,
          infiniplex_forest_clump_medium, infiniplex_forest_lined_room_,
          infiniplex_forest_lined_3, chequers_serial_rivers_room_a,
          columned_hall_lemuel, serial_bayou_pond_d
D:2:      layout_rooms, serial_aquarium, aquarium_bridge_long_joined
          [aquarium_subvault_bridge, aquarium_subvault_wall,
          aquarium_subvault_wall, aquarium_subvault_bridge,
          aquarium_subvault_wall, aquarium_subvault_wall], aquarium_window_fake,
          aquarium_window_corner, aquarium_window_double,
          aquarium_window_corner, aquarium_view_2d, aquarium_balcony_5b

Skill      XL: |  1  2  3  4 |
---------------+-------------+-----
Fighting       | 4 |  4.3
Armour         | 4 |  4.3
Long Blades    | 3 |  3.6
Dodging        | 1 |  1.3
Shields        | |  3.7

Action                     |  1- 3 |  4- 6 || total
---------------------------+-------+-------++-------
  Melee: Long sword        |   111 |     5 ||   116
         Headbutt          |    14 |       ||    14
    Use: Potion            |     2 |     1 ||     3
 Armour: Scale mail        |    84 |     4 ||    88
  Dodge: Dodged            |    63 |     2 ||    65
  Block: Buckler           |    19 |     1 ||    20
